AoeStats
← gob b

Black Forest

504340604Analyzed
4v4 RM · 27d ago on Sep 4, 2026· 49m 54s· 8 players
Game mode
Random Map
Map size
Large (8 player)
Population
200
Speed
Normal
Resources
Standard
Victory
Conquest
Starting age
Dark Age
Ending age
Imperial Age
RankedLock teamsTeams togetherTeam positionsShared explorationLock speedFull tech treeHidden civsTurbo modeCheats
Victory
Defeat
🇩🇪 Japanese · Germany
1249
+14
🇵🇹 Persians · Portugal
1238
+15
🇸🇰 Japanese · Slovakia
1201
+16
🇩🇪 Franks · Germany
1181
+17
🇴🇲 Japanese · Oman
1236
-17
🇨🇳 Bengalis · China
1210
-16
🇬🇧 Vikings · United Kingdom
1198
-15
🇮🇳 Bohemians · India
1175
-14
Saky
0:41 Loom
12:33 Feudal Age
17:44 Castle Age
16:51 Double-Bit Axe
16:55 Horse Collar
16:59 Man-at-Arms
22:25 Forging
22:08 Long Swordsman
23:56 Arson
24:15 Scale Mail Armor
24:26 Gambesons
41:11 Bow Saw
41:55 Caravan
42:36 Wheelbarrow
42:59 Heavy Plow
49:13 Imperial Age
47:01 Hand Cart
47:47 Squires
49:41 Iron Casting
49:12 Scale Barding Armor
49:25 Chain Mail Armor
49:41 Gold Mining
49:21 Two-Handed Swordsman
DKing
4:43 Loom
10:22 Feudal Age
15:28 Castle Age
14:35 Double-Bit Axe
15:13 Horse Collar
22:30 Bow Saw
24:41 Wheelbarrow
24:33 Heavy Plow
25:44 Hand Cart
27:13 Fletching
29:08 Scale Barding Armor
29:40 Forging
30:35 Ballistics
33:41 Imperial Age
31:07 Gold Mining
31:08 Stone Mining
32:14 Iron Casting
32:00 Chain Barding Armor
34:49 Conscription
33:57 Light Cavalry
34:48 Bloodlines
34:38 Husbandry
35:36 Plate Barding Armor
36:30 Citadels
36:37 Elite War Elephant
39:01 Blast Furnace
38:43 Scale Mail Armor
39:27 Bodkin Arrow
39:32 Padded Archer Armor
39:38 Kamandaran
40:14 Hoardings
39:23 Hussar
41:32 Two-Man Saw
40:34 Crossbowman
41:20 Thumb Ring
41:23 Elite Skirmisher
43:18 Caravan
44:23 Chemistry
43:19 Murder Holes
43:35 Masonry
43:35 Careening
43:52 Onager
46:13 Leather Archer Armor
50:12 Ring Archer Armor
CraB
1:05 Loom
12:03 Feudal Age
15:56 Castle Age
14:26 Double-Bit Axe
14:23 Horse Collar
17:02 Bow Saw
21:24 Heavy Plow
21:56 Gold Mining
26:15 Wheelbarrow
26:17 Gold Shaft Mining
25:41 Stone Mining
27:02 Fletching
27:13 Scale Mail Armor
28:49 Forging
31:19 Imperial Age
29:11 Hand Cart
28:41 Town Watch
30:59 Chain Mail Armor
31:19 Iron Casting
30:40 Bodkin Arrow
31:11 Ballistics
31:27 Guard Tower
31:26 Pikeman
31:27 Man-at-Arms
32:08 Squires
32:43 Plate Mail Armor
32:03 Arrowslits
32:41 Conscription
32:23 Yasama
32:24 Halberdier
32:53 Arson
32:54 Gambesons
33:57 Keep
36:04 Long Swordsman
36:46 Bracer
37:46 Blast Furnace
36:59 Treadmill Crane
37:30 Masonry
38:21 Chemistry
37:27 Siege Engineers
38:30 Caravan
38:28 Two-Handed Swordsman
40:20 Fortified Wall
40:08 Murder Holes
39:40 Champion
42:05 Coinage
45:05 Kataparuto
44:49 Padded Archer Armor
45:02 Fortified Wall
45:27 Banking
46:00 Two-Man Saw
TRUMP
9:31 Loom
12:14 Feudal Age
13:40 Double-Bit Axe
16:02 Castle Age
17:12 Bow Saw
19:33 Town Watch
22:38 Wheelbarrow
29:22 Imperial Age
27:12 Hand Cart
27:08 Gold Mining
28:20 Scale Barding Armor
28:56 Gold Shaft Mining
28:14 Stone Mining
30:32 Chain Barding Armor
31:51 Husbandry
31:14 Cavalier
32:46 Caravan
33:19 Coinage
32:37 Paladin
35:40 Plate Barding Armor
35:16 Forging
36:57 Chivalry
37:20 Conscription
37:46 Iron Casting
ql7mt
1:09 Loom
11:34 Feudal Age
14:11 Double-Bit Axe
14:33 Horse Collar
18:52 Castle Age
18:35 Man-at-Arms
19:43 Long Swordsman
21:09 Bow Saw
22:35 Scale Mail Armor
24:47 Forging
28:04 Iron Casting
27:37 Pikeman
36:12 Chain Mail Armor
gob b
1:43 Loom
14:08 Feudal Age
18:30 Castle Age
16:20 Double-Bit Axe
16:55 Horse Collar
19:20 Wheelbarrow
19:34 Bow Saw
26:00 Heavy Plow
28:57 Hand Cart
32:58 Imperial Age
31:53 Padded Archer Armor
33:39 Chemistry
33:00 Ballistics
34:18 Fletching
37:57 Murder Holes
39:25 Bodkin Arrow
40:52 Forging
40:42 Scale Mail Armor
40:43 Bracer
40:26 Elite Hussite Wagon
41:16 Wagenburg Tactics
42:39 Two-Man Saw
41:12 Pikeman
41:56 Squires
41:42 Arson
42:32 Iron Casting
42:36 Halberdier
44:03 Chain Mail Armor
45:27 Conscription
50:36 Blast Furnace
50:06 Plate Mail Armor
Vtinglove
5:10 Loom
14:10 Feudal Age
17:01 Double-Bit Axe
16:58 Horse Collar
19:36 Castle Age
20:23 Heavy Plow
20:39 Bow Saw
24:14 Town Watch
25:04 Wheelbarrow
27:15 Caravan
28:45 Gold Mining
28:45 Stone Mining
29:35 Hand Cart
30:13 Bloodlines
30:03 Husbandry
33:40 Imperial Age
31:51 Gold Shaft Mining
32:20 Scale Barding Armor
32:26 Forging
35:05 Chain Barding Armor
35:20 Iron Casting
34:52 Elite Battle Elephant
36:25 Plate Barding Armor
36:18 Paiks
36:34 Mahayana
36:37 Conscription
36:37 Block Printing
38:00 Illumination
37:48 Fervor
38:19 Sanctity
37:59 Devotion
38:01 Atonement
41:24 Fletching
41:35 Padded Archer Armor
K
11:56 Feudal Age
16:24 Castle Age
14:29 Horse Collar
17:30 Double-Bit Axe
18:31 Heavy Plow
23:37 Stone Mining
23:41 Gold Mining
23:38 Loom
25:18 Gold Shaft Mining
25:36 Town Watch
31:24 Imperial Age
29:56 Bow Saw
30:08 Forging
29:58 Scale Mail Armor
31:40 Iron Casting
31:06 Scale Mail Armor
31:21 Squires
31:07 Arson
31:08 Gambesons
31:35 Treadmill Crane
32:20 Ballistics
31:43 Capped Ram
32:52 Conscription
32:35 Chieftains
32:42 Caravan
34:29 Blast Furnace
33:11 Siege Ram
34:45 Elite Berserk
37:13 Chain Mail Armor
36:50 Fletching
38:34 Two-Man Saw
39:03 Chemistry
38:25 Fortified Wall
38:14 Murder Holes
38:51 Plate Mail Armor
39:03 Crop Rotation
45:43 Scale Barding Armor
45:38 Bodkin Arrow
Connection lost

Rejoining the realm…

Still unreachable

The connection could not be restored.

Session expired

The server has moved on; the page needs a fresh start.